 Dungeon Crawl Stone Soup version 0.27.1-35-g4d5d836560 (console) character file.

Game seed: 16505079968724515705

1501 grimtooth the Tainter (level 8, -7/59 (61) HPs)
             Began as a Merfolk Venom Mage on May 4, 2022.
             Was an Initiate of Ashenzari.
             Mangled by Harold (22 damage)
             ... on level 7 of the Dungeon.
             The game lasted 00:34:55 (6547 turns).

grimtooth the Tainter (Merfolk Venom Mage)          Turns: 6547, Time: 00:34:56

HP:   -7/59 (61)    AC:  5    Str:  9    XL:     8   Next: 81%
MP:   15/17         EV: 12    Int: 19    God:    Ashenzari [......]
Gold: 334           SH:  0    Dex: 14    Spells: 9/19 levels left

rFire    + . .     SeeInvis .   e - +8 whip {venom, +Blink MP-9 Int+3 Stlth+}
rCold    . . .     Faith    .   (no shield)
rNeg     . . .     Spirit   .   u - +2 leather armour {rF+}
rPois    .         Reflect  .   (no helmet)
rElec    .         Harm     .   (no cloak)
rCorr    .         Rampage  .   (no gloves)
Will     .....                  (no boots)
Stlth    +++.......             (no amulet)
HPRegen  0.19/turn              z - ring of magical power
MPRegen  0.15/turn              (no ring)

@: lightly drained, invisible
A: (nimble swimmer 2), mertail
a: Renounce Religion, Evoke Blink


You were on level 7 of the Dungeon.
You worshipped Ashenzari.
Ashenzari was noncommittal.
You visited 2 branches of the dungeon, and saw 8 of its levels.

You collected 334 gold pieces.

Inventory:

Hand Weapons
 a - a +1 whip of electrocution
 b - a +0 hunting sling
 c - a +0 dagger
 e - the +8 whip "Ihusop" (weapon) {venom, +Blink MP-9 Int+3 Stlth+}
   (You found it on level 5 of the Dungeon)

   It poisons the flesh of those it strikes.
   Int:       It affects your intelligence (+3).
   MP:        It affects your magic capacity (-9).
   +Blink:    It lets you blink.
   Stlth:     It makes you more stealthy.
Missiles
 d - 5 atropa-tipped darts
 f - 34 stones
 g - 2 javelins
 r - 24 poisoned darts (quivered)
 t - 12 sling bullets
Armour
 k - a +0 robe
 n - a +0 leather armour
 u - a +2 leather armour of fire resistance (worn)
 y - a +0 buckler
Jewellery
 h - a ring of wizardry
 w - an amulet of faith
 z - a ring of magical power (left hand)
Wands
 m - a wand of digging (2)
 p - a wand of paralysis (12)
 x - a wand of mindburst (16)
Scrolls
 i - a scroll of noise
 j - 2 scrolls of brand weapon
 l - 2 scrolls of teleportation
Potions
 o - 2 potions of magic
 s - a potion of flight
 v - a potion of mutation


   Skills:
 + Level 4.4 Fighting
 - Level 2.6 Dodging
 - Level 2.1 Stealth
 - Level 6.0 Spellcasting
 - Level 1.3 Transmutations
 - Level 9.0 Poison Magic


You had 9 spell levels left.
You knew the following spells:

 Your Spells              Type           Power      Damage    Failure   Level
a - Sting                 Tmut/Pois      100%       1d8       1%          1
b - Poisonous Vapours     Pois/Air       44%        N/A       3%          2
c - Mephitic Cloud        Conj/Pois/Air  17%        N/A       14%         3
d - Olgreb's Toxic Radia  Pois           39%        N/A       3%          4

Your spell library contained the following spells:

 Spells                   Type           Power      Damage    Failure   Level
 Freeze                   Ice            20%        1d4       16%         1
 Frozen Ramparts          Ice            10%        1d3       43%         3
 Portal Projectile        Hex/Tloc       10%        N/A       43%         3
 Hailstorm                Conj/Ice       5%         3d4       83%         4
 Blade Hands              Tmut           5%         N/A       94%         5
 Excruciating Wounds      Necr           2%         N/A       99%         5
 Fireball                 Conj/Fire      2%         3d4       99%         5
 Starburst                Conj/Fire      2%         6d3       100%        6
 Ignition                 Fire           2%         3d3       100%        8


Dungeon Overview and Level Annotations

Branches:
Dungeon (7/15)             Temple (1/1) D:6

Altars:
Ashenzari
Cheibriados
Dithmenos
Fedhas
Gozag
Hepliaklqana
Kikubaaqudgha
Makhleb
Nemelex Xobeh
Okawaru
Qazlal
Sif Muna
Trog
Uskayaw
Wu Jian
Xom
Yredelemnul
Zin
The Shining One

Shops:
D:1 :   D:3 (

Annotations:
D:7 Harold


Innate Abilities, Weirdness & Mutations

((You are quick and stealthy near water. (Stealth+, EV+, Speed+++)))
Your lower body shifts to a powerful aquatic tail in water.


Message History

You hit the gnoll.
The gnoll is heavily wounded.
The gnoll hits you with a +0 flail.
You closely miss the gnoll.
The gnoll is heavily wounded.
The gnoll hits you with a +0 flail!
You whack the gnoll!
You kill the gnoll!
The centaur unwields a +0 shortbow.
The centaur closely misses you.
The centaur kicks you but does no damage.
You whack the centaur!
The centaur is poisoned.
The centaur is moderately wounded.
The centaur closely misses you. The centaur barely misses you.
You hit the centaur.
The centaur looks as sick as possible!
The centaur is heavily wounded.
The centaur hits you but does no damage.
The centaur kicks you but does no damage.
The centaur barely misses you. The centaur kicks you.
You whack the centaur!
You kill the centaur!
Your Fighting skill increases to level 4!
There is an open door here.
Press: ? - help, v - describe, . - travel
Here: Harold, wielding a +0 flail, wearing a +0 scale mail and quivering 2 throwing nets The floor.
Okay, then.
Press: ? - help, v - describe, . - travel
Here: Harold, wielding a +0 flail, wearing a +0 scale mail and quivering 2 throwing nets An open door.
Okay, then.
Cast which spell? (? or * to list)
Aiming: Poisonous Vapours (safe; 3% risk of failure)
Press: ? - help, Dir - move target, f - Harold
Aim: Harold, wielding a +0 flail, wearing a +0 scale mail and quivering 2 throwing nets Poisonous vapours surround Harold!
Harold is poisoned.
Harold hits you with a +0 flail!
* * * LOW HITPOINT WARNING * * *
You fade into invisibility!
Harold hits you with a +0 flail!!
You die...

#################
............@...#
###+###'###@###.#
#..#......g#..#.#
#.#..#......g#..#.#
#.+..'###+###)..+.#
#.#..#.+..(+.#..#.#
#.#..#.#...#.#..#.#
#.+##'.#._.#c'##'.#
#.#..#.#...#.#..###
#.#..#.'...+.#.c###
#.'..'###+###'..g.#


You could see Harold (poisoned) and 2 gnolls.

Vanquished Creatures
  A centaur zombie (D:5)
  A water moccasin (D:6)
  An ogre (D:5)
  3 centaurs
  A bullfrog (D:6)
  2 scorpions
  A water moccasin skeleton (D:5)
  3 wights (D:6)
  4 hounds
  An iguana (D:4)
  Terence (D:2)
  A howler monkey zombie (D:6)
  9 gnolls
  4 adders
  A shadow imp (D:6)
  A white imp (D:6)
  2 ufetubi
  2 worms
  3 dart slugs
  7 orcs
  4 ball pythons
  2 endoplasms
  2 giant cockroaches
  6 goblins
  9 hobgoblins
  2 quokkas
  5 bats
  5 frilled lizards
  5 hobgoblin zombies (D:6)
  5 kobolds
  2 kobold skeletons (D:6)
  An orc skeleton (D:6)
  An orc zombie (D:6)
  2 rats
100 creatures vanquished.

Notes
Turn   | Place    | Note
-------+----------+-------------------------------------------
     0 | D:1      | grimtooth the Merfolk Venom Mage began the quest for the
                  | Orb.
     0 | D:1      | Reached XP level 1. HP: 13/13 MP: 3/3
    88 | D:1      | Found Xobiemni's Book Shoppe.
   305 | D:1      | Reached XP level 2. HP: 19/19 MP: 3/5
   721 | D:1      | Reached XP level 3. HP: 24/24 MP: 3/6
   828 | D:1      | Reached skill level 4 in Poison Magic
  1718 | D:2      | Reached XP level 4. HP: 23/30 MP: 5/8
  2157 | D:2      | Noticed Terence
  2181 | D:2      | Killed Terence
  2182 | D:2      | Reached XP level 5. HP: 26/35 MP: 6/10
  2311 | D:2      | Learned a level 2 spell: Poisonous Vapours
  2369 | D:3      | Reached skill level 5 in Poison Magic
  2666 | D:3      | Paralysed by an orc for 7 turns
  2766 | D:3      | Found Hafoek's Weapon Shop.
  3258 | D:4      | Reached XP level 6. HP: 30/41 MP: 8/12
  3413 | D:4      | Reached skill level 6 in Poison Magic
  3889 | D:5      | Entered Level 5 of the Dungeon
  4066 | D:5      | Reached XP level 7. HP: 36/46 MP: 13/13
  4105 | D:5      | Reached skill level 5 in Spellcasting
  4105 | D:5      | Reached skill level 7 in Poison Magic
  4264 | D:5      | Reached skill level 8 in Poison Magic
  4308 | D:5      | Found a shimmering altar of Xom.
  4430 | D:5      | Reached XP level 8. HP: 35/52 MP: 11/15
  4729 | D:5      | Identified the +8 whip "Ihusop" {venom, +Blink MP-9 Int+3
                  | Stlth+}
  4846 | D:6      | Found a glowing golden altar of the Shining One.
  4904 | D:6      | Reached skill level 9 in Poison Magic
  5097 | D:6      | Learned a level 3 spell: Mephitic Cloud
  5102 | D:6      | Learned a level 4 spell: Olgreb's Toxic Radiance
  5507 | D:6      | Reached skill level 1 in Fighting
  5636 | D:6      | Found a staircase to the Ecumenical Temple.
  5818 | Temple   | Entered the Ecumenical Temple
  5901 | Temple   | Became a worshipper of Ashenzari the Shackled
  6482 | D:7      | Found an opulent altar of Gozag.
  6522 | D:7      | Noticed a hornet
  6522 | D:7      | Noticed Harold
  6547 | D:7      | Mangled by Harold

Illustrated notes

Levels and vault maps discovered:
D:1:      dpeg_arrival_snail, layout_basic, serial_shops,
          nicolae_shop_waterfront, minmay_vboxes
D:2:      layout_loops_ring, minivault_26, kennysheep_generic_room_15,
          uniq_terence
D:3:      layout_basic, serial_shops, shop_statue, amethyst_killhole,
          dk_noncrumbling_3
D:4:      layout_rooms, serial_corexii_hall, corexii_hall_statues_x,
          corexii_hall_statues_l
D:5:      layout_loops_ring, lemuel_doored_altar
D:6:      layout_rooms, nicolae_tso_besieged_by_evil,
          minmay_temple_entry_offerings, serial_rivers,
          chequers_serial_rivers_micro_e, chequers_serial_rivers_micro_d,
          chequers_serial_rivers_small_b, chequers_serial_rivers_micro_a
D:7:      layout_rooms, mainiacjoe_overflow_24_doors,
          nicolae_overflow_hidden_temple, serial_shops, nicolae_lakefront_shop,
          uniq_harold
Temple:   nicolae_temple_elliptical

Skill      XL: |  1  2  3  4  5  6  7  8 |
---------------+-------------------------+-----
Poison Magic   | 4 5 6 8 9 |  9.0
Spellcasting   | 3 4 5 6 |  6.0
Fighting       | 4 |  4.4
Dodging        | |  2.6
Stealth        | |  2.1
Transmutations | |  1.3

Action                   |  1- 3 |  4- 6 |  7- 9 || total
-------------------------+-------+-------+-------++-------
Melee: Whip              |       |     6 |    74 ||    80
       Dagger            |       |       |     1 ||     1
 Fire: Hunting sling     |    34 |    93 |    63 ||   190
Throw: Dart              |     4 |     1 |       ||     5
       Stone             |     3 |       |       ||     3
 Cast: Sting             |    56 |    83 |     8 ||   147
       Poisonous Vapours |       |       |     4 ||     4
Evoke: Wand              |       |       |     7 ||     7
  Use: Scroll            |       |     3 |     3 ||     6
       Potion            |       |       |     6 ||     6
 Stab: Paralysed         |       |       |     5 ||     5
Armor: Robe              |     4 |     1 |       ||     5
       Leather armour    |       |     5 |    32 ||    37
Dodge: Dodged            |    23 |    39 |    78 ||   140
